 Dungeon Crawl Stone Soup version 0.23.2-1-ga50397a6bc (webtiles) character file.

Game seed: 2833180645158022060

289228 mvem the Executioner (level 20, -11/191 HPs)
             Began as a Minotaur Berserker on May 20, 2019.
             Was the Champion of Trog.
             Hit by a javelin thrown by a merfolk javelineer (15 damage)
             ... on level 4 of the Shoals on May 21, 2019.
             The game lasted 02:40:08 (39067 turns).

mvem the Executioner (Minotaur Berserker)          Turns: 39067, Time: 02:40:08

Health: -11/191    AC: 35    Str: 27    XL:     20   Next: 25%
Magic:  19/19      EV: 15    Int:  4    God:    Trog [******]
Gold:   1413       SH:  3    Dex: 19    Spells: 19/19 levels left

rFire    . . .     SeeInvis +   J - +4 executioner's axe (chop)
rCold    + + .     Gourm    .   (shield currently unavailable)
rNeg     . . .     Faith    .   b - +0 crystal plate armour
rPois    .         Spirit   .   (helmet restricted)
rElec    .         Reflect  +   X - +0 cloak {MR+}
rCorr    .         Harm     .   a - +1 pair of gloves {Dex+3}
MR       ++...                  M - +2 pair of boots of the Assassin {Detection Stab+ Stlth++}
Stlth    ..........             d - +3 amulet of reflection
HPRegen  0.41/turn              o - ring of protection from cold
MPRegen  0.16/turn              C - ring of Robustness {AC+8}

@: lethally poisoned (-11 -> -51), berserk cooldown, very slightly contaminated
A: retaliatory headbutt, horns 2, see invisible, agile 1, cold resistance 1,
deformed body, sense surroundings 1, screaming 1
}: 1/15 runes: serpentine
a: Berserk, Trog's Hand, Brothers in Arms, Renounce Religion


You were on level 4 of the Shoals.
You worshipped Trog.
Trog was exalted by your worship.
You were near starving.

You visited 6 branches of the dungeon, and saw 35 of its levels.
You also visited: Ossuary, Gauntlet and Ice Cave.

You collected 3512 gold pieces.
You spent 2099 gold pieces at shops.

Inventory:

Hand Weapons
 J - a +4 executioner's axe of chopping (weapon)
Missiles
 T - 15 tomahawks of returning (quivered)
Armour
 a - a +1 pair of gloves of dexterity (worn)
 b - a +0 crystal plate armour (worn)
 i - a scarf of repulsion
 r - a +2 plate armour of fire resistance
 M - the +2 pair of boots of the Assassin (worn) {Detection Stab+ Stlth++}
   (You found it on level 1 of the Lair of Beasts)

   It makes you much more stealthy.
 X - a +0 cloak of magic resistance (worn)
Jewellery
 d - a +3 amulet of reflection (around neck)
 m - an uncursed ring of ice
 o - a ring of protection from cold (left hand)
 t - an uncursed ring of flight
 A - an uncursed ring of ice
 C - the ring of Robustness (right hand) {AC+8}
   (You took it off a minotaur in a Gauntlet)

   [ring of protection]

   It affects your AC (+8).
 H - an uncursed ring of protection from magic
 K - an uncursed ring of fire
 L - an uncursed amulet of regeneration
 Q - an uncursed ring of poison resistance
 V - an uncursed ring of resist corrosion
Wands
 j - a wand of iceblast (3)
 p - a wand of digging (18)
Scrolls
 e - 26 scrolls of remove curse
 k - 14 scrolls of teleportation
 l - 2 scrolls of enchant weapon
 n - 13 scrolls of identify
 s - 6 scrolls of immolation
 y - 4 scrolls of silence
 G - 2 scrolls of holy word
 I - 4 scrolls of enchant armour
 O - 2 scrolls of fog
 P - 6 scrolls of fear
 Y - a scroll of torment
 Z - 5 scrolls of magic mapping
Potions
 f - 4 potions of flight
 g - 16 potions of curing
 q - 5 potions of might
 u - a potion of invisibility
 v - 2 potions of heal wounds
 x - 7 potions of haste
 B - 4 potions of magic
 F - 2 potions of brilliance
 R - a potion of resistance
 S - 3 potions of agility
Miscellaneous
 z - a phial of floods
Comestibles
 c - 27 rations


   Skills:
 + Level 19.5 Fighting
 + Level 26.9 Axes
 + Level 19.3 Armour
 + Level 14.0 Dodging


You had 19 spell levels left.
You didn't know any spells.
Your spell library contained the following spells:

 Spells                   Type           Power        Failure   Level  Hunger
 Animate Skeleton         Necr           N/A          100%        1    ##.....
 Pain                     Necr           #...         100%        1    ##.....
 Regeneration             Chrm/Necr      #.........   100%        3    ####...
 Vampiric Draining        Necr           #.........   100%        3    ####...
 Animate Dead             Necr           N/A          100%        4    #####..


Dungeon Overview and Level Annotations

Branches:
Dungeon (15/15)            Temple (0/1) D:6            Lair (6/6) D:9
 Shoals (4/4) Lair:4        Snake (4/4) Lair:4        Slime (0/5) Lair:6
    Orc (2/2) D:10            Elf (0/3) Orc:2        Vaults (4/5) D:13
  Crypt (0/3) Vaults:3     Depths (0/5) D:15

Altars:
Ashenzari
Fedhas
Gozag
Ru
Uskayaw
Xom
The Shining One
Beogh

Shops:
D:11 !   D:13 :   Orc:1 }   Orc:2 [:!:*   Shoals:4 [   Snake:2 *[=   Snake:4 (
Vaults:3 (

Annotations:
D:10 exclusion: ice statue


Innate Abilities, Weirdness & Mutations

You reflexively headbutt those who attack you in melee.
You have a pair of horns on your head.
You have supernaturally acute eyesight. (SInv)
You are agile. (Dex +2)
Your flesh is cold resistant. (rC+)
Armour fits poorly on your strangely shaped body.
You passively map a small area around you.
You occasionally shout uncontrollably at your foes.


Message History

The wind drake bites you but does no damage.
The merfolk closely misses you. You furiously retaliate!
You headbutt the merfolk!
The merfolk avatar chants a haunting song.
You resist.
Blink to where?
Press: ? - help, Dir - move target cursor You are very lightly contaminated with residual magic.
As you read the scroll of blinking, it crumbles to dust.
* * * LOW HITPOINT WARNING * * *
You feel very sick.
The merfolk javelineer throws a javelin.
The javelin hits you but does no damage.
The wind drake flaps its wings at you. The air twists around and strikes you!
* * * LOW HITPOINT WARNING * * *
You feel very sick.
The merfolk javelineer throws a javelin.
The javelin hits you!
You die...

,
#.t.......≈.≈≈≈≈≈≈≈≈
#........§m..≈≈≈≈≈≈≈
≈
#....∩..tk(.≈≈≈≈≈≈≈≈
#......m(.m(≈≈≈≈≈≈≈≈
,
#...?...mmmm.≈≈≈≈≈≈≈
≈
.......(m().....≈≈≈≈
, ,
........)(≈......≈≈≈
.......)(m)(....≈≈≈≈
........)†)(@.!≈≈≈≈≈
≈ ≈
.........≈[)...≈≈≈≈≈
≈..≈≈...≈≈)..≈≈.≈≈≈≈≈
≈≈≈≈≈≈≈≈≈≈≈≈.≈..≈≈≈≈≈
≈
≈≈≈≈≈≈≈≈.≈≈≈≈(≈≈≈≈≈≈
≈
≈≈≈≈.≈≈≈≈≈≈≈≈≈≈≈≈≈≈≈
≈≈≈≈≈≈≈≈≈≈≈≈≈≈≈≈≈≈≈
≈≈≈≈≈≈≈≈≈≈≈≈≈≈≈≈≈ ≈
≈≈≈≈≈≈≈≈≈≈≈≈≈≈≈≈≈


You could see a merfolk avatar, 2 merfolk impalers, a merfolk javelineer, a
snapping turtle, a wind drake, 4 merfolk and a merfolk siren.

Vanquished Creatures
  Vashnia (Snake:2)
  Saint Roka (Snake:2)
  Margery (Vaults:3)
  Nikola (Snake:2)
  The ghost of Yrghoe Jijamo the Devastator, an adept DrCj of Vehumet (Snake:3)
  Gastronok (D:8)
  5 nagarajas (Snake:4)
  Roxanne (Snake:4)
  A fire giant (Vaults:4)
  8 vault wardens
  Aizul (Snake:4)
  A ghoul (Vaults:3)
  8 ironheart preservers
  3 very ugly things
  The ghost of Sama the Grappler, a journeyman TrWr of Elyvilon (Lair:4)
  7 stone giants
  An entropy weaver (Vaults:4)
  A vampire knight (Vaults:3)
  A deep elf demonologist (Vaults:3)
  A minotaur (Gauntlet)
  2 merfolk javelineers (Shoals:4)
  6 merfolk impalers
  5 fire dragons
  6 yaktaur captains
  2 ice dragons
  12 vault guards
  5 hydras
  A great orb of eyes (Vaults:2)
  14 naga warriors
  A rakshasa (Vaults:2)
  5 catoblepae
  2 merfolk avatars
  8 anacondas
  A death knight (D:11)
  3 merfolk aquamancers
  8 centaur warriors
  A deep troll shaman (Vaults:1)
  12 ogre magi
  44 two-headed ogres
  A satyr (Shoals:3)
  15 death yaks
  A shock serpent (Snake:3)
  2 deep troll earth magi (Vaults:1)
  3 orc high priests (Orc:2)
  14 naga sharpshooters
  4 deep elf knights
  8 skeletal warriors
  A salamander mystic (Snake:3)
  2 sixfirhies (Gauntlet)
  7 deep trolls
  6 hell knights (Vaults:3)
  22 slime creatures
  16 sea snakes
  2 unseen horrors
  3 wizards
  Pikel (D:8)
  A phantasmal warrior (Vaults:3)
  7 harpies
  2 deep elf archers
  6 naga ritualists
  10 ironbrand convokers
  14 orc knights
  2 necromancers (Vaults:3)
  8 orc sorcerers
  11 deep elf magi
  6 mana vipers
  19 ugly things
  2 wolf spiders
  14 manticores
  11 fauns
  4 cyclopes
  29 black mambas
  3 elephants (Lair:4)
  3 merfolk sirens
  12 salamanders
  13 naga magi
  8 vault sentinels
  4 ice statues (IceCv)
  4 water nymphs
  13 spiny frogs
  4 guardian serpents
  2 torpor snails
  2 molten gargoyles (Lair:3)
  10 freezing wraiths
  5 centaur skeletons
  3 rime drakes
  2 efreet (D:14)
  12 yaktaurs
  A komodo dragon (shapeshifter) (Vaults:2)
  A yaktaur (shapeshifter) (Vaults:1)
  An anaconda simulacrum (IceCv)
  15 merfolk
  10 komodo dragons
  4 polar bears
  11 hornets
  A tengu simulacrum (Vaults:3)
  A meliai (D:14)
  A wind drake (shapeshifter) (Vaults:1)
  3 wind drakes
  2 meliai (shapeshifter)
  A troll (shapeshifter) (Vaults:1)
  7 trolls
  A wolf spider simulacrum (D:15)
  Prince Ribbit (D:7)
  6 blink frogs (Lair:4)
  A blink frog (shapeshifter) (Vaults:1)
  A stone giant simulacrum (Vaults:1)
  16 hippogriffs
  10 snapping turtles
  6 dream sheep (Lair:6)
  3 wraiths
  3 redbacks (Vaults:4)
  44 yaks
  2 shadows (Gauntlet)
  7 water elementals
  A vampire (D:15)
  4 wyverns
  2 dire elephant simulacra (IceCv)
  3 hogs (D:7)
  A human (shapeshifter) (Vaults:1)
  A human (D:7)
  A golden eye (shapeshifter) (Vaults:2)
  A steam dragon (Lair:4)
  A vampire mosquito (D:14)
  A basilisk (shapeshifter) (Vaults:3)
  2 hungry ghosts
  2 basilisks (Lair:6)
  A harpy simulacrum (IceCv)
  56 nagas
  4 wargs
  2 soldier ants
  4 acid dragons
  3 hydra simulacra (IceCv)
  An iron troll simulacrum (IceCv)
  13 porcupines
  10 water moccasins
  45 orc warriors
  4 sky beasts
  A slave (D:8)
  5 necrophages
  10 ice beasts
  5 phantoms
  A hornet zombie (D:15)
  15 centaurs
  An ettin simulacrum (IceCv)
  30 ogres
  4 wolves (Lair:1)
  12 crocodiles
  3 big kobolds
  19 bullfrogs
  A wyvern zombie (D:14)
  A wyvern skeleton (D:9)
  5 scorpions
  12 killer bees
  5 wights (D:8)
  2 electric eels (Lair:1)
  5 lava snakes (Lair:3)
  4 centaur zombies
  5 bullfrog zombies
  11 crimson imps
  9 jellies
  A gnoll shaman (D:4)
  26 orc priests
  4 bullfrog skeletons
  3 hounds
  2 iguanas
  15 mummies (Ossuary)
  28 orc wizards
  8 worker ants
  A howler monkey zombie (Ossuary)
  6 worker ant zombies
  8 gnolls
  A howler monkey skeleton (D:7)
  11 adders
  6 shadow imps
  5 adder zombies
  6 worms
  11 leopard geckos
  115 orcs
  9 giant cockroaches
  6 goblins
  12 hobgoblins
  10 jackals
  3 quokkas
  3 ball pythons
  10 bats
  6 frilled lizards
  48 kobolds
  A quokka skeleton (D:6)
  3 quokka zombies
  10 rats
  6 fungi
  8 plants
1419 creatures vanquished.

Vanquished Creatures (collateral kills)
  An anaconda (Snake:2)
  A merfolk siren (Shoals:4)
  A naga mage (Snake:2)
  An ice statue (IceCv)
  An orc wizard (Orc:2)
5 creatures vanquished.

Vanquished Creatures (others)
  A merfolk javelineer (Shoals:4)
  A deep elf mage (Vaults:3)
  A salamander (Snake:3)
  A naga (Snake:4)
  A slave (D:8)
  2 centaurs
  2 orc wizards (D:8)
  2 orcs
  2 fungi
  6 plants
  A withered plant (Ossuary)
20 creatures vanquished.

Grand Total: 1444 creatures vanquished

Notes
Turn   | Place    | Note
-------+----------+-------------------------------------------
     0 | D:1      | mvem the Minotaur Berserker began the quest for the Orb.
     0 | D:1      | Reached XP level 1. HP: 19/19 MP: 0/0
   120 | D:1      | Reached skill level 4 in Axes
   141 | D:1      | Reached XP level 2. HP: 15/26 MP: 1/1
   711 | D:1      | Reached skill level 5 in Axes
   858 | D:2      | Reached XP level 3. HP: 22/31 MP: 2/2
   859 | D:2      | You fall through a shaft for 2 floors!
  1144 | D:2      | Reached ** piety under Trog
  1269 | D:2      | Reached XP level 4. HP: 30/39 MP: 3/3
  1270 | D:2      | Reached skill level 6 in Axes
  1806 | D:3      | Reached skill level 7 in Axes
  1806 | D:3      | Reached XP level 5. HP: 27/45 MP: 4/4
  2104 | D:3      | Reached *** piety under Trog
  2644 | D:4      | Reached skill level 8 in Axes
  2750 | D:4      | Reached XP level 6. HP: 46/51 MP: 5/5
  3329 | D:5      | Entered Level 5 of the Dungeon
  3342 | D:5      | Reached skill level 9 in Axes
  3385 | D:5      | Received a gift from Trog
  3435 | D:5      | Reached XP level 7. HP: 45/57 MP: 6/6
  3465 | D:5      | Reached **** piety under Trog
  3682 | D:5      | Reached skill level 10 in Axes
  3862 | D:5      | Reached skill level 11 in Axes
  4287 | D:5      | Found a sacrificial altar of Ru.
  4870 | D:4      | Got a smoking hand crossbow
  4872 | D:4      | Identified the +6 hand crossbow of Vuolaezy {speed, rC+}
                  | (You found it on level 4 of the Dungeon)
  4988 | D:6      | Reached skill level 12 in Axes
  4988 | D:6      | Reached XP level 8. HP: 59/62 MP: 7/7
  5288 | D:6      | Found a staircase to the Ecumenical Temple.
  5398 | D:6      | Reached skill level 13 in Axes
  5801 | D:7      | Noticed a hippogriff
  5813 | D:7      | Killed a hippogriff
  5946 | D:7      | Reached ***** piety under Trog
  5975 | D:7      | Reached XP level 9. HP: 63/68 MP: 8/8
  6095 | D:7      | Noticed Prince Ribbit
  6106 | D:7      | Killed Prince Ribbit
  6106 | D:7      | Reached skill level 14 in Axes
  6382 | D:7      | Received a gift from Trog
  6401 | D:7      | Reached skill level 15 in Axes
  6561 | D:7      | Reached skill level 16 in Axes
  6799 | D:8      | Found a sand-covered staircase.
  6812 | D:8      | Noticed a two-headed ogre
  6823 | D:8      | Killed a two-headed ogre
  6823 | D:8      | Reached XP level 10. HP: 42/75 MP: 9/9
  6840 | Ossuary  | Entered an ossuary
  7297 | D:8      | Gained mutation: You can translocate small distances at
                  | will. [potion of mutation]
  7297 | D:8      | Gained mutation: You are agile. (Dex +2) [potion of
                  | mutation]
  7297 | D:8      | Gained mutation: You have a pair of large horns on your
                  | head. [potion of mutation]
  7317 | D:8      | Noticed Pikel
  7318 | D:8      | Noticed a two-headed ogre
  7325 | D:8      | Killed Pikel
  7325 | D:8      | Reached skill level 17 in Axes
  7332 | D:8      | Killed a two-headed ogre
  7443 | D:8      | Reached skill level 18 in Axes
  7498 | D:8      | Found the +7 Kryia's mail coat {PotionHeal*2 rC+}
  7745 | D:8      | Noticed Gastronok
  7765 | D:8      | Killed Gastronok
  7765 | D:8      | Reached XP level 11. HP: 27/80 MP: 10/10
  7909 | D:9      | Found a blossoming altar of Fedhas.
  8149 | D:9      | Reached skill level 19 in Axes
  8150 | D:9      | Received a gift from Trog
  8306 | D:9      | Found a staircase to the Lair.
  8500 | D:10     | Entered Level 10 of the Dungeon
  8537 | D:10     | Found a staircase to the Orcish Mines.
  8600 | D:10     | Noticed a two-headed ogre
  8605 | D:10     | Killed a two-headed ogre
  8843 | D:10     | Found the +9 staff of Wucad Mu {channel}
  9687 | Lair:1   | Entered Level 1 of the Lair of Beasts
  9838 | Lair:1   | Reached skill level 20 in Axes
  9959 | Lair:1   | Noticed an eight-headed hydra
 10084 | Lair:1   | Killed a 12-headed hydra
 10084 | Lair:1   | Reached skill level 5 in Fighting
 10332 | Lair:1   | Received a gift from Trog
 10332 | Lair:1   | Reached skill level 5 in Armour
 10563 | Lair:1   | Found the +2 pair of boots of the Assassin {Detection Stab+
                  | Stlth++}
 10875 | Lair:2   | Reached XP level 12. HP: 87/94 MP: 11/11
 10963 | Lair:2   | Found an opulent altar of Gozag.
 11460 | Lair:3   | Noticed a seven-headed hydra
 11467 | Lair:3   | Killed a ten-headed hydra
 11506 | Lair:3   | Found a gate leading to a gauntlet.
 11515 | Gauntlet | Entered a Gauntlet
 11515 | Gauntlet | Found a transporter.
 11515 | Gauntlet | Found a transporter.
 11535 | Gauntlet | Found a transporter.
 11535 | Gauntlet | Found a transporter.
 11540 | Gauntlet | Got a pair of bloodstained boots
 11542 | Gauntlet | Identified the +2 pair of boots "Foajahokki" {Regen+ Str+4
                  | Slay-5} (You found it in a Gauntlet)
 11675 | Gauntlet | Found a transporter.
 11675 | Gauntlet | Found a transporter.
 11676 | Gauntlet | Found a runed translucent door.
 11678 | Gauntlet | Found a runed translucent door.
 11685 | Gauntlet | Found a transporter.
 11708 | Gauntlet | Found a transporter.
 11708 | Gauntlet | Noticed a great orb of eyes
 11716 | Gauntlet | Noticed a minotaur
 11726 | Gauntlet | Killed a minotaur
 11825 | Lair:3   | Noticed a death yak
 11825 | Lair:3   | Noticed a death yak
 11825 | Lair:3   | Noticed a death yak
 11826 | Lair:3   | Noticed a death yak
 11827 | Lair:3   | Noticed a death yak
 11830 | Lair:3   | Killed a death yak
 11832 | Lair:3   | Killed a death yak
 11843 | Lair:3   | Killed a death yak
 11844 | Lair:3   | Killed a death yak
 11844 | Lair:3   | Reached skill level 21 in Axes
 11844 | Lair:3   | Killed a death yak
 12902 | Lair:4   | Reached XP level 13. HP: 107/109 MP: 12/12
 13013 | Lair:4   | Found a transporter.
 13017 | Lair:4   | Noticed Sama's ghost (journeyman TrWr)
 13018 | Lair:4   | Found a transporter.
 13038 | Lair:4   | Killed Sama's ghost
 13038 | Lair:4   | Reached skill level 10 in Fighting
 13426 | Lair:4   | Reached skill level 10 in Armour
 13722 | Lair:4   | Found a staircase to the Snake Pit.
 13768 | Lair:4   | Found a staircase to the Shoals.
 14482 | Lair:5   | Received a gift from Trog
 15002 | Lair:6   | Entered Level 6 of the Lair of Beasts
 15379 | Lair:6   | Reached skill level 22 in Axes
 15379 | Lair:6   | Reached XP level 14. HP: 94/123 MP: 13/13
 15386 | Lair:6   | Found a staircase to the Slime Pits.
 16171 | Orc:1    | Entered Level 1 of the Orcish Mines
 16207 | Orc:2    | Entered Level 2 of the Orcish Mines
 16247 | Orc:2    | Received a gift from Trog
 16463 | Orc:2    | Found a shimmering altar of Xom.
 16520 | Orc:2    | HP: 4/129 [orc warrior/+0 halberd (11)]
 16599 | Orc:2    | Found Gocokk's Distillery.
 16599 | Orc:2    | Found Dubo's Book Shop.
 16605 | Orc:2    | Found Eclot Roeru's Antique Armour Emporium.
 16605 | Orc:2    | Found Vaaroraol's Book Shop.
 16636 | Orc:2    | Bought an embroidered cloak for 150 gold pieces
 16636 | Orc:2    | Bought a glowing plate armour for 520 gold pieces
 16636 | Orc:2    | Bought a pair of embroidered boots for 150 gold pieces
 16638 | Orc:2    | Bought a potion of curing for 42 gold pieces
 16638 | Orc:2    | Bought a potion of heal wounds for 70 gold pieces
 16699 | Orc:2    | Identified a +2 pair of boots of running (You bought it in
                  | a shop on level 2 of the Orcish Mines)
 16781 | Orc:2    | Found a staircase to the Elven Halls.
 16799 | Orc:2    | Found Hackomoa's Assorted Antiques.
 16818 | Orc:2    | Bought a scroll labeled OSIHETROAJ for 25 gold pieces
 16818 | Orc:2    | Bought a scroll labeled ZOGREKEUBBUCUU for 25 gold pieces
 17061 | Orc:1    | Found Hogoj's Gadget Shop.
 18482 | D:11     | Received a gift from Trog
 18504 | D:11     | Found a roughly hewn altar of Beogh.
 18608 | D:11     | Found a shimmering altar of Xom.
 18609 | D:11     | Found a shimmering altar of Xom.
 18623 | D:11     | Found a shimmering altar of Xom.
 18734 | D:11     | Found Hocsuapung's Distillery.
 18739 | D:11     | Bought a potion of curing for 39 gold pieces
 18739 | D:11     | Bought a potion of invisibility for 104 gold pieces
 18739 | D:11     | Bought a potion of heal wounds for 65 gold pieces
 18739 | D:11     | Bought a potion of cancellation for 104 gold pieces
 18739 | D:11     | Bought 2 potions of curing for 78 gold pieces
 19221 | D:11     | Found a shimmering altar of Xom.
 19221 | D:11     | Found a shimmering altar of Xom.
 19225 | D:11     | Found a shimmering altar of Xom.
 19545 | D:12     | Reached XP level 15. HP: 137/137 MP: 14/14
 19557 | D:12     | Received a gift from Trog
 19884 | D:12     | Found a roughly hewn altar of Beogh.
 19887 | D:12     | Reached ****** piety under Trog
 20070 | D:13     | Found Qoidduf's Book Emporium.
 20126 | D:13     | Found a gate to the Vaults.
 20135 | D:13     | Reached skill level 23 in Axes
 20659 | D:14     | Received a gift from Trog
 21312 | D:15     | Entered Level 15 of the Dungeon
 21977 | D:15     | Reached skill level 5 in Dodging
 22205 | D:15     | Found a staircase to the Depths.
 23314 | Snake:1  | Entered Level 1 of the Snake Pit
 23542 | Snake:1  | Reached skill level 15 in Fighting
 23552 | Snake:1  | Reached XP level 16. HP: 99/149 MP: 15/15
 24293 | Snake:2  | Noticed Saint Roka
 24313 | Snake:2  | Received a gift from Trog
 24325 | Snake:2  | Killed Saint Roka
 24325 | Snake:2  | Reached skill level 24 in Axes
 24325 | Snake:2  | Reached skill level 15 in Armour
 24330 | Snake:2  | Noticed Nikola
 24332 | Snake:2  | Noticed Vashnia
 24865 | Snake:2  | Killed Nikola
 24872 | Snake:2  | Killed Vashnia
 24943 | Snake:2  | Got a slimy battleaxe {god gift}
 25140 | Snake:1  | Identified the +9 battleaxe of the Revolution {vamp, rN+}
                  | (Trog gifted it to you on level 2 of the Snake Pit)
 25223 | Snake:2  | Found a shattered altar of Ashenzari.
 25249 | Snake:2  | Found Ywaanted's General Store.
 25251 | Snake:2  | Found Megid's Antique Armour Shoppe.
 25253 | Snake:2  | Found Hiryotuf's Jewellery Emporium.
 25259 | Snake:2  | Bought a pair of glowing gloves for 277 gold pieces
 25776 | Snake:3  | Found a runed translucent door.
 25776 | Snake:3  | Noticed Yrghoe Jijamo's ghost (adept DrCj)
 25802 | Snake:3  | Killed Yrghoe Jijamo's ghost
 26125 | Snake:3  | Received a gift from Trog
 26191 | Snake:3  | Found a glowing golden altar of the Shining One.
 26516 | Snake:4  | Entered Level 4 of the Snake Pit
 26517 | Snake:4  | Noticed Roxanne
 26620 | Snake:4  | Found a hide-covered altar of Uskayaw.
 26625 | Snake:4  | Found Copei's Weapon Boutique.
 26643 | Snake:4  | Killed Roxanne
 26746 | Snake:4  | Noticed Aizul
 26758 | Snake:4  | Killed Aizul
 26758 | Snake:4  | Reached XP level 17. HP: 150/158 MP: 14/16
 27107 | Snake:4  | Reached skill level 25 in Axes
 27113 | Snake:4  | Received a gift from Trog
 27733 | Snake:4  | Got a serpentine rune of Zot
 27914 | Snake:2  | Bought an uncursed ring of protection from cold for 450
                  | gold pieces
 27978 | Shoals:1 | Entered Level 1 of the Shoals
 27987 | Shoals:1 | Found a hide-covered altar of Uskayaw.
 28046 | Shoals:1 | Lost mutation: You can translocate small distances at will.
                  | [potion of mutation]
 28046 | Shoals:1 | Lost mutation: You are agile. (Dex +2) [potion of mutation]
 28046 | Shoals:1 | Gained mutation: Armour fits poorly on your strangely
                  | shaped body. [potion of mutation]
 28046 | Shoals:1 | Gained mutation: You passively map a small area around you.
                  | [potion of mutation]
 28055 | Shoals:1 | Lost mutation: You have a pair of large horns on your head.
                  | [potion of mutation]
 28055 | Shoals:1 | Gained mutation: You occasionally shout uncontrollably at
                  | your foes. [potion of mutation]
 28055 | Shoals:1 | Gained mutation: Your flesh is cold resistant. (rC+)
                  | [potion of mutation]
 28055 | Shoals:1 | Gained mutation: You have supernaturally acute eyesight.
                  | (SInv) [potion of mutation]
 28055 | Shoals:1 | Gained mutation: You are agile. (Dex +2) [potion of
                  | mutation]
 28373 | Shoals:1 | Received a gift from Trog
 28539 | Shoals:1 | Found a frozen archway.
 28656 | IceCv    | Entered an ice cave
 29259 | IceCv    | Identified the Compendium of the Assistive Entourage
 29274 | IceCv    | Got a heavily runed leather armour
 29290 | IceCv    | Identified the cursed +0 leather armour of Moravesi {SInv}
                  | (You found it in an ice cave)
 29758 | Shoals:2 | Reached skill level 10 in Dodging
 29822 | Shoals:2 | Got a blackened whip
 29848 | Shoals:2 | Identified the +6 whip of Fate {slash, MR- Str+9 Dex+4}
                  | (You found it on level 2 of the Shoals)
 30411 | Shoals:3 | Reached XP level 18. HP: 19/168 MP: 17/17
 31303 | Shoals:3 | Received a gift from Trog
 32233 | Vaults:1 | Entered Level 1 of the Vaults
 32438 | Vaults:1 | Reached skill level 26 in Axes
 32699 | Vaults:1 | Received a gift from Trog
 33927 | Vaults:2 | Received a gift from Trog
 34518 | Vaults:2 | Reached XP level 19. HP: 174/179 MP: 18/18
 35007 | Vaults:3 | Found Ykitoywo's Weapon Shoppe.
 35651 | Vaults:3 | Received a gift from Trog
 35684 | Vaults:3 | Got a jewelled chain mail
 35695 | Vaults:3 | Identified the +2 chain mail "Haituqoib" {+Inv rC+++ Dex+4
                  | Stlth-} (You found it on level 3 of the Vaults)
 36193 | Vaults:3 | Found a staircase to the Crypt.
 36330 | Vaults:3 | Noticed Margery
 36761 | Vaults:3 | Killed Margery
 37523 | Vaults:4 | Reached XP level 20. HP: 191/191 MP: 19/19
 38614 | Shoals:4 | Entered Level 4 of the Shoals
 38614 | Shoals:4 | Found Vauppaon's Armour Boutique.
 38639 | Shoals:4 | Received a gift from Trog
 39062 | Shoals:4 | HP: 12/286 [snapping turtle (15)]
 39063 | Shoals:4 | HP: 4/191 [poisoned by a merfolk impaler]
 39063 | Shoals:4 | HP: 1/191 [merfolk impaler/+1 trident of venom (3)]
 39067 | Shoals:4 | Hit by a javelin thrown by a merfolk javelineer

Skill      XL: |  1  2  3  4  5  6  7  8  9 10 11 12 13 14 15 16 17 18 19 20 |
---------------+-------------------------------------------------------------+-----
Axes           | 4 5 7 8 9 12 13 16 18 20 21 22 23 24 25 26 | 26.9
Fighting       | 6 9 11 13 15 16 18 19 | 19.5
Armour         | 5 9 11 13 14 15 16 18 19 | 19.3
Dodging        | 5 8 10 12 13 14 | 14.0

Action                   |  1- 3 |  4- 6 |  7- 9 | 10-12 | 13-15 | 16-18 | 19-21 || total
-------------------------+-------+-------+-------+-------+-------+-------+-------++-------
Melee: Hand axe          |    76 |   164 |   129 |    55 |       |       |       ||   424
       Headbutt          |    10 |    29 |    54 |    99 |   214 |   307 |   151 ||   864
       War axe           |       |       |   181 |   143 |       |       |       ||   324
       Executioner's axe |       |       |       |   196 |   848 |   539 |   458 ||  2041
       Battleaxe         |       |       |       |       |       |   524 |       ||   524
Throw: Javelin           |       |       |       |       |       |     5 |       ||     5
Invok: Berserk           |       |     1 |       |     6 |     7 |     6 |     2 ||    22
       Brothers in Arms  |       |       |       |     2 |     3 |     4 |     1 ||    10
       Trog's Hand       |       |       |       |       |     1 |     4 |       ||     5
 Abil: Blink             |       |       |       |       |       |     1 |       ||     1
Evoke: Fan of gales      |       |       |       |     1 |     1 |     1 |       ||     3
  Use: Potion            |       |     7 |     2 |     3 |     5 |     6 |     2 ||    25
       Scroll            |       |     5 |     8 |    24 |     5 |     3 |     2 ||    47
 Stab: Distracted        |       |       |     1 |     1 |     2 |     1 |       ||     5
       Sleeping          |       |       |       |     2 |     5 |       |       ||     7
  Eat: Chunk             |     1 |     8 |    10 |    12 |    11 |    10 |     5 ||    57
       Ration            |       |       |       |     5 |     9 |    13 |     3 ||    30
Armor: Animal skin       |     3 |       |       |       |       |       |       ||     3
       Scale mail        |    13 |    31 |       |   143 |   163 |       |       ||   350
       Ring mail         |       |    22 |    99 |    28 |       |       |       ||   149
       Plate armour      |       |       |       |       |   336 |   648 |    25 ||  1009
       Crystal plate arm |       |       |       |       |       |       |   215 ||   215
Dodge: Dodged            |    51 |    66 |   129 |   177 |   324 |   632 |   257 ||  1636
       Deflected         |       |     2 |    10 |     9 |    16 |     6 |       ||    43
Block: Other             |       |    11 |    25 |    21 |    43 |   124 |    51 ||   275
       Reflection        |       |     1 |     3 |     1 |     3 |    19 |     8 ||    35
